 Dungeon Crawl Stone Soup version 0.27-a0-668-gb5737ff2c0 (webtiles) character file.

Game seed: 11026836437839886714

14041 robertstho the Grappler (level 11, -4/160 HPs)
             Began as a Troll Fighter on Mar 17, 2021.
             Was an Initiate of Gozag.
             Slain by a four-headed hydra simulacrum (32 damage)
             ... on level 2 of the Lair of Beasts.
             The game lasted 00:20:16 (11287 turns).

robertstho the Grappler (Troll Fighter)            Turns: 11287, Time: 00:20:17

Health: -4/160     AC: 17    Str: 28    XL:     11   Next: 83%
Magic:  10/10      EV:  9    Int:  5    God:    Gozag
Gold:   481        SH: 15    Dex:  9    Spells: 10/10 levels left

rFire    . . .     SeeInvis .     - Unarmed
rCold    . . .     Faith    .   b - +0 kite shield
rNeg     . . .     Spirit   .   w - +0 acid dragon scales
rPois    .         Reflect  +   (helmet restricted)
rElec    .         Harm     .   (no cloak)
rCorr    +         Rampage  .   (gloves unavailable)
Will     .....                  (boots unavailable)
Stlth    ..........             y - amulet of reflection
HPRegen  1.36/turn              C - +4 ring of protection
MPRegen  0.12/turn              D - +4 ring of protection

@: berserking, gold aura, very quick
A: large, unfitting armour, claws 3, regeneration 1, shaggy fur 1, tough skin 1
a: Renounce Religion, Potion Petition, Call Merchant, Bribe Branch


You were on level 2 of the Lair of Beasts.
You worshipped Gozag.
Gozag was aware of your devotion.
You visited 4 branches of the dungeon, and saw 13 of its levels.
You also visited: Sewer and Ossuary.

You collected 2112 gold pieces.
You spent 1233 gold pieces at shops.
You paid 398 gold pieces to Gozag.

Inventory:

Hand Weapons
 d - a +2 halberd of flaming
 E - a +2 war axe of flaming
Armour
 b - a +0 kite shield (worn)
 w - +0 acid dragon scales (worn)
Jewellery
 k - an amulet of magic regeneration
 y - an amulet of reflection (around neck)
 A - a ring of poison resistance
 C - a +4 ring of protection (right claw)
 D - a +4 ring of protection (left claw)
Wands
 p - a wand of iceblast (13)
 r - a wand of digging (6)
 F - a wand of acid (7)
Scrolls
 c - 5 scrolls of identify
 g - 3 scrolls of enchant weapon
 h - 2 scrolls of fog
 l - 2 scrolls of enchant armour
 o - 2 scrolls of immolation
 q - a scroll of magic mapping {unknown}
 s - 8 scrolls of teleportation
 t - 3 scrolls of blinking {unknown}
 x - 3 scrolls of amnesia
Potions
 a - 3 potions of heal wounds
 e - 6 potions of curing
 f - 3 potions of berserk rage {unknown}
 i - 4 potions of flight
 j - 2 potions of magic
 m - 4 potions of invisibility {unknown}
 n - 2 potions of lignification
 u - a potion of attraction {unknown}
 v - 2 potions of haste {unknown}
 z - a potion of brilliance
 B - a potion of cancellation
Miscellaneous
 G - a box of beasts (inert)


   Skills:
 * Level 6.5 Fighting
 * Level 4.0 Armour
 + Level 5.8 Dodging
 - Level 1.0 Stealth
 + Level 6.2 Shields
 * Level 13.9 Unarmed Combat


You had 10 spell levels left.
You didn't know any spells.
Your spell library contained the following spells:

 Spells                   Type           Power      Damage    Failure   Level
 Summon Small Mammal      Summ           0%         N/A       75%         1
 Call Imp                 Summ           0%         N/A       86%         2
 Corpse Rot               Necr/Air       N/A        N/A       86%         2
 Sublimation of Blood     Necr           0%         N/A       86%         2
 Call Canine Familiar     Summ           0%         N/A       98%         3
 Confusing Touch          Hex            0%         N/A       98%         3
 Gell's Gravitas          Tloc           0%         N/A       98%         3
 Summon Guardian Golem    Hex/Summ       0%         N/A       98%         3
 Dispel Undead            Necr           0%         3d6       100%        4
 Petrify                  Tmut/Erth      0%         N/A       100%        4
 Summon Ice Beast         Ice/Summ       0%         N/A       100%        4
 Summon Lightning Spire   Summ/Air       0%         N/A       100%        4
 Agony                    Necr           0%         N/A       100%        5
 Excruciating Wounds      Necr           0%         N/A       100%        5
 Metabolic Englaciation   Hex/Ice        0%         N/A       100%        5
 Yara's Violent Unravell  Hex/Tmut       0%         3d3       100%        5


Dungeon Overview and Level Annotations

Branches:
Dungeon (9/15)             Temple (1/1) D:7            Lair (2/6) D:8
    Orc (1/2) D:9           Sewer (visited)         Ossuary (visited)
  Swamp: Lair:2-4    Shoals: Lair:2-4     Snake: Lair:2-4    Spider: Lair:2-4

Altars:
Ashenzari
Cheibriados
Dithmenos
Elyvilon
Gozag
Kikubaaqudgha
Makhleb
Nemelex Xobeh
Qazlal
Sif Muna
Trog
Uskayaw
Vehumet
Wu Jian
Xom
Zin
The Shining One

Shops:
D:3 =   D:4 *!


Innate Abilities, Weirdness & Mutations

You are too large for most types of armour.
You have claws for hands.
Your natural rate of healing is unusually fast.
You are covered in fur. (AC +1)
You have tough skin. (AC +1)


Message History

LuckyCharm's ghost is moderately damaged.
You scratch LuckyCharm's ghost but do no damage.
LuckyCharm's ghost is moderately damaged.
LuckyCharm's ghost barely misses you.
You mangle LuckyCharm's ghost!!
LuckyCharm's ghost is severely damaged.
You miss LuckyCharm's ghost.
LuckyCharm's ghost is severely damaged.
LuckyCharm's ghost screams, "To die, to sleep, no more."
You block LuckyCharm's ghost's attack.
You closely miss LuckyCharm's ghost.
LuckyCharm's ghost is severely damaged.
You scratch LuckyCharm's ghost.
LuckyCharm's ghost is severely damaged.
LuckyCharm's ghost barely misses you.
You closely miss LuckyCharm's ghost.
LuckyCharm's ghost is severely damaged.
You block LuckyCharm's ghost's attack.
You scratch LuckyCharm's ghost.
LuckyCharm's ghost is almost destroyed.
You mangle LuckyCharm's ghost!!
You destroy LuckyCharm's ghost!
Your Armour skill increases to level 4!
You rip one of the six-headed hydra simulacrum's heads off!
You mangle the five-headed hydra simulacrum!!
The five-headed hydra simulacrum is severely damaged.
You rip one of the five-headed hydra simulacrum's heads off!
You scratch the four-headed hydra simulacrum.
The four-headed hydra simulacrum is almost destroyed.
You block the four-headed hydra simulacrum's attack.
The four-headed hydra simulacrum bites you.
The four-headed hydra simulacrum freezes you!!!
The four-headed hydra simulacrum bites you!
The four-headed hydra simulacrum freezes you!!
* * * LOW HITPOINT WARNING * * *
The four-headed hydra simulacrum bites you.
* * * LOW HITPOINT WARNING * * *
The four-headed hydra simulacrum freezes you!!
You die...
Your body crumbles into a pile of gold.

#.####..#.......##.#
#..###.###.....##...
#.#.#..##Z."....##.#
###..##P.####ZW'####.#
#.#.###..##.......#P..
##...Z#..#.#.#.#.##...
#...Z.Z.....##...##..#
##..Z###.ZP>....##.P..
##.#@##.##.##.##..<..
######..#.##...#.#.#
#..............
######..P###..# ##.P#
#..# #.## ##.. #.#
##.. ##.####..#
#........#


You could see 2 four-headed hydra simulacra.

Vanquished Creatures
  The ghost of LuckyCharm the Cleaver, a journeyman HOBe of Trog (Lair:2)
  A death yak (D:8)
  2 oklob plants (Lair:2)
  A black mamba (Lair:1)
  A cane toad (Lair:2)
  A komodo dragon (Lair:1)
  Maggie (D:6)
  2 polar bears (Lair:2)
  2 spectral black mambas (Lair:2)
  2 wyverns
  18 yaks
  2 wraiths (Ossuary)
  3 basilisks (Lair:1)
  A human (D:9)
  Menkaure (D:6)
  Edmund (D:6)
  2 wargs (D:9)
  4 water moccasins (Lair:1)
  4 black bears
  3 sky beasts
  2 necrophages (D:9)
  4 orc warriors
  4 ogres
  4 wolves (Lair:2)
  3 centaurs
  2 phantoms (D:7)
  7 bullfrogs
  A kobold brigand (D:9)
  A wyvern zombie (D:7)
  2 jellies
  4 scorpions
  9 killer bees
  A water moccasin skeleton (D:8)
  2 howler monkeys
  8 wights
  2 centaur zombies
  A bullfrog zombie (D:5)
  2 centaur skeletons (D:6)
  A bullfrog skeleton (D:8)
  5 orc priests
  5 hounds
  An iguana (D:5)
  Natasha (thrice) (D:2)
  9 orc wizards
  10 worker ants
  A hound skeleton (D:9)
  A worker ant zombie (D:9)
  14 adders
  5 gnolls
  2 river rats (D:6)
  A shadow imp (D:9)
  3 white imps
  2 ufetubi
  5 oozes
  An adder skeleton (D:5)
  An adder zombie (D:7)
  6 worms
  9 dart slugs
  9 leopard geckos
  61 orcs
  3 ball pythons
  2 giant cockroaches
  12 goblins
  9 hobgoblins
  17 jackals
  6 quokkas
  7 bats
  5 frilled lizards
  A hobgoblin skeleton (Ossuary)
  A hobgoblin zombie (Ossuary)
  A jackal skeleton (D:6)
  16 kobolds
  A kobold zombie (Ossuary)
  2 orc skeletons (Ossuary)
  3 orc zombies (Ossuary)
  4 rats
357 creatures vanquished.

Vanquished Creatures (collateral kills)
  An adder zombie (D:6)
1 creature vanquished.

Vanquished Creatures (others)
  6 fungi
  12 plants
18 creatures vanquished.

Grand Total: 376 creatures vanquished

Notes
Turn   | Place    | Note
-------+----------+-------------------------------------------
     0 | D:1      | robertstho the Troll Fighter began the quest for the Orb.
     0 | D:1      | Reached XP level 1. HP: 22/22 MP: 0/0
   174 | D:1      | Reached XP level 2. HP: 28/29 MP: 1/1
   714 | D:2      | You fall into a shaft and drop 1 floor!
   811 | D:3      | Reached XP level 3. HP: 36/36 MP: 2/2
   931 | D:3      | Found Rekken's Jewellery Boutique.
  1234 | D:3      | Found a glowing silver altar of Zin.
  1916 | D:2      | Noticed Natasha
  1922 | D:2      | Killed Natasha
  1923 | D:2      | Reached skill level 3 in Unarmed Combat
  1923 | D:2      | Reached XP level 4. HP: 41/45 MP: 3/3
  2032 | D:2      | Noticed Natasha
  2041 | D:2      | Killed Natasha
  2346 | D:2      | Found a shimmering blue altar of Sif Muna.
  2441 | D:2      | Noticed Natasha
  2451 | D:2      | Killed Natasha
  2452 | D:2      | Reached XP level 5. HP: 45/53 MP: 4/4
  2517 | D:4      | Noticed an orc warrior
  2522 | D:4      | Reached skill level 4 in Unarmed Combat
  2774 | D:4      | Found Amypnirgh's Distillery.
  2789 | D:4      | Bought a potion of flight for 42 gold pieces
  2789 | D:4      | Bought a potion of flight for 42 gold pieces
  2832 | D:4      | Found a sand-covered staircase.
  2924 | Ossuary  | Entered an ossuary
  2992 | Ossuary  | Reached XP level 6. HP: 33/60 MP: 5/5
  3071 | Ossuary  | Noticed a flying skull
  3071 | Ossuary  | Noticed a wraith
  3082 | Ossuary  | Noticed a flying skull
  3107 | Ossuary  | Noticed a flying skull
  3108 | Ossuary  | Noticed a flying skull
  3126 | Ossuary  | Reached skill level 5 in Unarmed Combat
  3167 | Ossuary  | Noticed a flying skull
  3173 | Ossuary  | Noticed a wraith
  3182 | Ossuary  | Killed a wraith
  3183 | Ossuary  | Reached XP level 7. HP: 47/67 MP: 6/6
  3207 | Ossuary  | Noticed a wraith
  3218 | Ossuary  | Killed a wraith
  3219 | Ossuary  | Reached skill level 6 in Unarmed Combat
  3516 | D:4      | Found Efahagex's Assorted Antiques.
  3521 | D:4      | Bought a scroll labelled ZADYFI GENTI for 27 gold pieces
  3697 | D:4      | Found a white marble altar of Elyvilon.
  3770 | D:4      | Found a glowing golden altar of the Shining One.
  3815 | D:4      | Reached skill level 7 in Unarmed Combat
  4126 | D:5      | Entered Level 5 of the Dungeon
  4160 | D:5      | Reached XP level 8. HP: 73/78 MP: 7/7
  4245 | D:5      | Found a sparkling altar of Nemelex Xobeh.
  4492 | D:5      | Reached skill level 8 in Unarmed Combat
  4821 | D:6      | Noticed Menkaure
  4822 | D:6      | Noticed Maggie
  4833 | D:6      | Killed Menkaure
  4955 | D:6      | Noticed Edmund
  4967 | D:6      | Killed Edmund
  5131 | D:6      | Reached skill level 9 in Unarmed Combat
  5163 | D:6      | Reached XP level 9. HP: 82/83 MP: 8/8
  5169 | D:6      | Found a glowing drain.
  5190 | Sewer    | Entered a sewer
  5693 | D:6      | Found a broken altar of Ashenzari.
  5699 | D:6      | Killed Maggie
  5978 | D:6      | Found a radiant altar of Vehumet.
  6098 | D:7      | Reached skill level 10 in Unarmed Combat
  6314 | D:7      | Found a staircase to the Ecumenical Temple.
  6442 | Temple   | Entered the Ecumenical Temple
  6455 | Temple   | Became a worshipper of Gozag Ym Sagoz the Greedy
  6593 | D:7      | Reached skill level 5 in Fighting
  6806 | D:7      | Reached skill level 5 in Dodging
  6840 | D:7      | Reached skill level 1 in Armour
  7237 | D:3      | Bought an amulet of reflection for 330 gold pieces
  7383 | D:8      | Noticed a death yak
  7383 | D:8      | Found a staircase to the Lair.
  7394 | D:8      | Reached skill level 11 in Unarmed Combat
  7394 | D:8      | Reached XP level 10. HP: 88/96 MP: 9/9
  7399 | D:8      | Killed a death yak
  7445 | D:8      | Reached skill level 1 in Stealth
  7844 | D:8      | Found a hide-covered altar of Uskayaw.
  8084 | D:9      | Reached skill level 5 in Shields
  8120 | D:9      | Reached skill level 12 in Unarmed Combat
  8191 | D:9      | Found a staircase to the Orcish Mines.
  8402 | D:9      | Found a stormy altar of Qazlal.
  8593 | D:9      | Found a sparkling altar of Nemelex Xobeh.
  8760 | D:9      | Found a burning altar of Makhleb.
  8893 | D:3      | Bought a +4 ring of protection for 396 gold pieces
  8893 | D:3      | Bought a +4 ring of protection for 396 gold pieces
  9016 | Orc:1    | Entered Level 1 of the Orcish Mines
  9022 | Orc:1    | Noticed an orc warlord
  9022 | Orc:1    | Noticed an orc warlord
  9126 | Lair:1   | Entered Level 1 of the Lair of Beasts
  9154 | Lair:1   | Noticed a black mamba
  9159 | Lair:1   | Killed a black mamba
  9315 | Lair:1   | Reached XP level 11. HP: 105/105 MP: 10/10
  9544 | Lair:1   | Noticed a four-headed hydra
 10153 | Lair:2   | Noticed an oklob plant
 10153 | Lair:2   | Noticed an oklob plant
 10173 | Lair:2   | Killed an oklob plant
 10180 | Lair:2   | Killed an oklob plant
 10181 | Lair:2   | Reached skill level 13 in Unarmed Combat
 10912 | Lair:2   | Found a runed translucent gate.
 10912 | Lair:2   | Found a runed translucent gate.
 10921 | Lair:2   | Found a runed translucent gate.
 11107 | Lair:2   | Noticed LuckyCharm's ghost (journeyman HOBe)
 11285 | Lair:2   | Killed LuckyCharm's ghost
 11287 | Lair:2   | Slain by a four-headed hydra simulacrum

Illustrated notes

Levels and vault maps discovered:
D:1:      doesnt_arrival_eight_statues, layout_basic, minmay_hexomino_u4
D:2:      layout_basic, nicolae_sif_muna_little_library, minmay_misc_feat_doors,
          uniq_natasha
D:3:      layout_basic, zin_academy, serial_shops, shop_fountains
D:4:      kennysheep_slugbush, layout_basic, lemuel_doored_altar,
          elyvilon_altar_1, serial_shops, shop_coins, shop,
          nicolae_ossuary_entry_false_entrances, guppyfry_early_orc_mine
D:5:      layout_cave_pools, kennysheep_little_box, minmay_puff
D:6:      layout_basic, nicolae_vehumet_altar_sigil, basic_altar,
          portal_sewer_entry_b, hangedman_decor_opposing, uniq_edmund,
          uniq_maggie, uniq_menkaure
D:7:      minmay_thinvault, layout_loops_ring,
          minmay_temple_entry_gardened_gates
D:8:      layout_loops_ring, kennysheep_mini, david_lair_generic
D:9:      layout_basic, makhleb_blood_cavern_becter, grunt_qazlal_clouds,
          erik_orc_4, nemelex_spade_bored_becter
Temple:   dshaligram_water_room_temple
Lair:1:   layout_hall_layers
Lair:2:   layout_loops_ring, gammafunk_ghost_necromancy,
          minmay_lair_oklob_chamber
Orc:1:    layout_diamond_mine

Skill      XL: |  1  2  3  4  5  6  7  8  9 10 11 |
---------------+----------------------------------+-----
Fighting       | 3 4 5 6 |  6.5
Unarmed Combat | 3 4 5 7 9 11 12 13 | 13.9
Shields        | 3 4 5 6 |  6.2
Dodging        | 3 4 5 |  5.8
Armour         | 1 2 4 |  4.0
Stealth        | 1 |  1.0

Action                   |  1- 3 |  4- 6 |  7- 9 | 10-12 || total
-------------------------+-------+-------+-------+-------++-------
Melee: Unarmed           |   145 |   126 |   422 |   441 ||  1134
Invok: Potion Petition   |       |       |       |     1 ||     1
Evoke: Box of beasts     |       |       |       |     1 ||     1
  Use: Scroll            |       |     6 |     9 |     2 ||    17
       Potion            |       |       |     6 |     1 ||     7
 Stab: Sleeping          |     1 |       |       |       ||     1
       Distracted        |       |       |     1 |     3 ||     4
Armor: Robe              |    27 |    27 |    62 |       ||   116
       Acid dragon scale |       |       |    44 |   102 ||   146
Dodge: Dodged            |    35 |    25 |   159 |    91 ||   310
Block: Kite shield       |    52 |    42 |   210 |   291 ||   595
       Reflection        |       |       |       |     2 ||     2

Table legend: (Time is in decaauts)
 A = Elapsed time spent in this place.
 B = Non-inter-level travel time spent in this place.
 C = Inter-level travel time spent in this place.
 D = Time resting spent in this place.
 E = Time spent auto-exploring this place.
 F = Levels seen in this place.
 G = Mean time per level.
                   A        B        C        D        E       F      G
               +--------+--------+--------+--------+--------+-----+--------+
         Total |  11453 |  10550 |    903 |    472 |   7700 |  15 |  763.5 |
       Dungeon |   8367 |   7581 |    786 |    240 |   5574 |   9 |  929.7 |
        Temple |     26 |     13 |     13 |      0 |      8 |   1 |   26.0 |
          Lair |   2127 |   2025 |    102 |    169 |   1548 |   2 | 1063.5 |
  Orcish Mines |     15 |     15 |      0 |      0 |      3 |   1 |   15.0 |
         Sewer |    522 |    522 |      0 |      0 |    409 |   1 |  522.0 |
       Ossuary |    394 |    394 |      0 |     63 |    157 |   1 |  394.0 |
               +--------+--------+--------+--------+--------+-----+--------+

Top non-repeatable levels by time:
     D:4: 1323 daAuts
  Lair:2: 1107 daAuts
     D:7: 1077 daAuts
     D:2: 1039 daAuts
  Lair:1: 1020 daAuts
     D:6: 1005 daAuts
     D:3: 972 daAuts
     D:9: 851 daAuts
     D:8: 776 daAuts
     D:1: 674 daAuts
     D:5: 647 daAuts
   Sewer: 522 daAuts
 Ossuary: 394 daAuts
  Temple: 26 daAuts
   Orc:1: 15 daAuts
